 Dungeon Crawl Stone Soup version 0.31-a0-196-g86fe4a5e66 (webtiles) character file.

Game seed: 15197082004156661800

79 Monkooky the Stinger (level 4, 0/29 HPs)
             Began as an Octopode Venom Mage on June 25, 2023.
             Killed by nerve-wracking pain
             ... invoked by an orc priest
              (5 damage)
             ... on level 2 of the Dungeon.
             The game lasted 00:02:55 (1073 turns).

Monkooky the Stinger (Octopode Venom Mage)          Turns: 1073, Time: 00:02:55

Health: 0/29       AC:  1    Str:  7    XL:     4   Next: 38%
Magic:  6/7        EV: 12    Int: 19    God:
Gold:   22         SH:  3    Dex: 12    Spells: 3/7 levels left

rFire   . . .        g - +0 whip (elec)
rCold   . . .        e - +0 buckler
rNeg    . . .        (helmet restricted)
rPois   .            l - amulet of magic regeneration
rElec   .            (no ring)
rCorr   .            (no ring)
SInv    .            (no ring)
Will    .....        (no ring)
Stlth   +++          (no ring)
HPRegen 0.24/turn    (no ring)
MPRegen 0.50/turn    (no ring)
                     (no ring)

%: no passive effects
@: very slightly contaminated
A: almost no armour, amphibious, 8 rings, camouflage 1, gelatinous body 1,
(nimble swimmer 1), tentacles
a: no special abilities


You were on level 2 of the Dungeon.
You visited 1 branch of the dungeon, and saw 2 of its levels.

You collected 22 gold pieces.

Inventory:

Hand Weapons
 b - a +0 short sword
 d - a +0 dagger
 g - a +0 whip of electrocution (weapon)
Armour
 e - a +0 buckler (worn)
Jewellery
 l - an amulet of magic regeneration (around mantle)
Scrolls
 c - a scroll of enchant weapon {unknown}
 f - 2 scrolls of poison {unknown}
 i - a scroll of identify {unknown}
 k - 2 scrolls of teleportation {unknown}
 n - a scroll of immolation {unknown}
Potions
 a - a potion of magic
 h - 2 potions of mutation {unknown}
 j - 2 potions of lignification {unknown}
 m - 2 potions of curing {unknown}


   Skills:
 - Level 2.0 Fighting
 - Level 2.1 Dodging
 - Level 2.9 Stealth
 - Level 2.1 Spellcasting
 * Level 1.4 Conjurations
 - Level 1.2 Transmutations
 * Level 1.3 Air Magic
 + Level 4.0 Poison Magic


You had 3 spell levels left.
You knew the following spells:

 Your Spells              Type           Power      Damage    Failure   Level
a - Sting                 Tmut/Pois      48%        1d5       10%         1
b - Mephitic Cloud        Conj/Pois/Air  10%        N/A       32%         3

Your spell library contained the following spells:

 Spells                   Type           Power      Damage    Failure   Level
 Poisonous Vapours        Pois/Air       24%        N/A       14%         2
 Olgreb's Toxic Radiance  Pois           17%        N/A       45%         4


Dungeon Overview and Level Annotations

Branches:
Dungeon (2/15)

Altars:


Innate Abilities, Weirdness & Mutations

You cannot wear most types of armour.
You are amphibious.
You can wear up to eight rings at the same time.
Your skin changes colour to match your surroundings (Stealth+).
Your rubbery body absorbs attacks. (AC +1, EV +1)
((You are camouflaged when in or above water. (Stealth+)))
You have tentacles for arms and can constrict up to eight enemies at once.


Message History

The orc shouts!
You hit the orc but do no damage. You grab the orc.
You constrict the orc, but do no damage.
The orc hits you with a +0 hand axe.
You hit the orc.
The orc is heavily wounded.
You constrict the orc. You block the orc's attack.
The orc hits you with a +0 hand axe.
You hit the orc but do no damage. Lightning courses through the orc!!
You kill the orc!
You hit the orc. Your grab misses the orc. Your squeeze misses the orc.
The orc is severely wounded.
The orc hits you with a +0 hand axe.
The sting misses the orc.
The sting hits the orc.
The orc is poisoned.
The orc is severely wounded.
An orc priest comes into view. It is wielding a +1 dagger of venom.
The orc hits you with a +0 hand axe.
The sting hits the orc.
The orc is poisoned.
You kill the orc!
You barely miss the orc priest. Your grab misses the orc priest.
You kill the orc!
The orc priest calls down the wrath of Beogh upon you.
Pain shoots through your body!
* * * LOW HITPOINT WARNING * * *
Okay, then.
You hit the orc priest but do no damage.
You grab the orc priest.
You constrict the orc priest, but do no damage.
An orc comes into view. It is wielding a +0 whip.
The orc priest looks braver for a moment.
Aiming: Sting (safe; 10% risk of failure)
Press: ? - help, Q - select action Shift-Dir - straight line, f - orc priest
Aim: an orc priest, wielding a +1 dagger of venom and wearing a +0 scale mail (constricted by you, 100% to hit)
You miscast Sting.
You are very lightly contaminated with residual magic.
Nothing appears to happen.
You constrict the orc priest, but do no damage.
The orc priest mumbles some strange prayers to Beogh against you.
Pain shoots through your body!
You die...

#?# #.# #.#
#.# #.# #.#
#.# #.# # #.#
#.#
#.##.####.# #
#.........#
#.####.######
#oo@...#
########


You could see an orc priest and an orc.

Vanquished Creatures
  5 adders
  3 orcs (D:2)
  4 endoplasms
  2 giant cockroaches
  3 hobgoblins (D:1)
  2 jackals (D:1)
  A ball python (D:1)
  2 bats
  2 frilled lizards (D:1)
  3 goblins (D:1)
  6 kobolds
  A rat (D:1)
34 creatures vanquished.

Notes
Turn   | Place    | Note
-------+----------+-------------------------------------------
     0 | D:1      | Monkooky the Octopode Venom Mage began the quest for the
                  | Orb.
     0 | D:1      | Reached XP level 1. HP: 11/11 MP: 3/3
   175 | D:1      | Reached XP level 2. HP: 13/17 MP: 1/5
   400 | D:1      | Reached skill level 1 in Fighting
   480 | D:1      | You fall into a shaft and drop 1 floor!
   496 | D:2      | Reached XP level 3. HP: 20/24 MP: 3/6
   567 | D:2      | Learned a level 3 spell: Mephitic Cloud
   897 | D:2      | Reached skill level 1 in Conjurations
   982 | D:2      | Reached skill level 1 in Air Magic
   982 | D:2      | Reached skill level 4 in Poison Magic
   982 | D:2      | Reached XP level 4. HP: 24/29 MP: 7/7
  1073 | D:2      | Killed from afar by an orc priest

Illustrated notes

Levels and vault maps discovered:
D:1:      dpeg_arrival_simpleton_a, layout_basic
D:2:      layout_basic

Skill      XL: |  1  2  3 |
---------------+----------+-----
Fighting       | 1 2 |  2.0
Conjurations   | 1 |  1.4
Air Magic      | 1 |  1.3
Poison Magic   | 4 |  4.0
Dodging        | |  2.1
Stealth        | |  2.9
Spellcasting   | |  2.1
Transmutations | |  1.2

Action                     |  1- 3 |  4- 6 || total
---------------------------+-------+-------++-------
  Melee: Unarmed           |    10 |       ||    10
         Dagger            |     7 |       ||     7
         Constrict         |    10 |     2 ||    12
         Tentacles         |     8 |       ||     8
         Whip              |    24 |     7 ||    31
   Cast: Sting             |    35 |     3 ||    38
 Armour: Skin              |     5 |       ||     5
  Dodge: Dodged            |    27 |       ||    27
  Block: Buckler           |     8 |     1 ||     9

Table legend: (Time is in decaauts)
 A = Elapsed time spent in this place.
 B = Non-inter-level travel time spent in this place.
 C = Inter-level travel time spent in this place.
 D = Time resting spent in this place.
 E = Time spent auto-exploring this place.
 F = Levels seen in this place.
 G = Mean time per level.
                   A        B        C        D        E       F      G
               +--------+--------+--------+--------+--------+-----+--------+
         Total |   1077 |   1025 |     52 |      0 |    763 |   2 |  538.5 |
       Dungeon |   1077 |   1025 |     52 |      0 |    763 |   2 |  538.5 |
               +--------+--------+--------+--------+--------+-----+--------+

Top non-repeatable levels by time:
     D:1: 695 daAuts
     D:2: 382 daAuts
